 Dungeon Crawl Stone Soup version 0.19.5 (webtiles) character file.

260682 Gargoyl the Tortoise (level 20, -1/174 (176) HPs)
             Began as a Ghoul Abyssal Knight on Mar 29, 2017.
             Was the Champion of Lugonu.
             Slain by a vault guard
             ... wielding a +3 great sword
             ... led by a vault warden
              (5 damage)
             ... on level 4 of the Vaults on Mar 30, 2017.
             The game lasted 02:24:08 (42859 turns).

Gargoyl the Tortoise (Ghoul Abyssal Knight)        Turns: 42859, Time: 02:24:09

HP:   -1/174 (176)  AC: 37    Str: 23    XL:     20   Next: 35%
MP:   31/31         EV: 11    Int:  7    God:    Lugonu [******]
Gold: 2025          SH: 10    Dex: 18    Spells: 0 memorised, 19 levels left

rFire  + . .     SeeInvis +     d - +9 broad axe
rCold  + . .     Gourm    .     m - +5 plate armour {rF+}
rNeg   + + +     Faith    .     u - +3 buckler {reflect}
rPois  ∞         Spirit   .     L - +2 helmet {SInv}
rElec  +         Reflect  +     y - +2 cloak {MR+}
rCorr  .         Harm     .     r - +2 pair of gloves {Str+3}
MR     +++..                    R - +2 pair of boots
Stlth  ..........               v - amulet of regeneration
                                N - ring "Xenuuros" {rElec MR+}
                                z - +5 ring of dexterity

@: rotting
A: rotting body, claws 1, carnivore 3, cold resistance 1, negative energy
resistance 3, slow regeneration 1, torment resistance, unbreathing
a: Depart the Abyss, Bend Space, Banish, Corrupt, Enter the Abyss, Brand Weapon
With Distortion, Renounce Religion
}: 1/15 runes: gossamer


You were on level 4 of the Vaults.
You worshipped Lugonu.
Lugonu was exalted by your worship.
You were not hungry.

You visited 6 branches of the dungeon, and saw 32 of its levels.
You visited the Abyss 2 times.
You also visited: Ice Cave.

You collected 4369 gold pieces.
You spent 2344 gold pieces at shops.

Inventory:

Hand Weapons
 b - the +4 rapier "Yxiwkaif" {venom, SInv}
   (You found it on level 7 of the Dungeon)

   It poisons the flesh of those it strikes.
   It lets you see invisible.
 d - a +9 broad axe (weapon)
 e - a +0 broad axe
 i - a +6 spear of piercing
Armour
 m - a +5 plate armour of fire resistance (worn)
 r - a +2 pair of gloves of strength (worn)
 u - a +3 buckler of reflection (worn)
 y - a +2 cloak of magic resistance (worn)
 L - a +2 helmet of see invisible (worn)
 R - a +2 pair of boots (worn)
Jewellery
 j - a +2 amulet of reflection
 v - an amulet of regeneration (around neck)
 z - a +5 ring of dexterity (left hand)
 C - the ring "Jiastromu" {rPois rF+}
   (You found it on level 15 of the Dungeon)

   [ring of poison resistance]

   It protects you from fire.
   It protects you from poison.
 G - an uncursed ring of protection from magic
 H - a +2 ring of strength
 K - the ring of Ephemeral Luck {-Tele MR++ Str+4}
   (You took it off Azrael on level 15 of the Dungeon)

   [ring of strength]

   It affects your strength (+4).
   It affects your resistance to hostile enchantments.
   It prevents most forms of teleportation.
 N - the ring "Xenuuros" (right hand) {rElec MR+}
   (You found it in an ice cave)

   [ring of protection from magic]

   It insulates you from electricity.
   It affects your resistance to hostile enchantments.
 P - an uncursed ring of resist corrosion
 Q - an uncursed ring of protection from magic
Wands
 p - a wand of heal wounds (9/9)
 O - a wand of digging (16/24)
Scrolls
 a - a scroll of recharging
 f - 8 scrolls of fear
 h - 7 scrolls of magic mapping
 k - 11 scrolls of identify
 l - 7 scrolls of remove curse
 n - 2 scrolls of blinking
 V - 3 scrolls of silence
 W - 3 scrolls of teleportation
Potions
 g - 3 potions of agility
 o - 6 potions of flight
 s - 2 potions of magic
 x - 2 potions of curing
 B - 2 potions of resistance
 D - 5 potions of brilliance
 J - a potion of cancellation
 M - a potion of invisibility
 T - 4 potions of haste
 U - a potion of heal wounds
 Y - 6 potions of ambrosia
Comestibles
 c - 27 meat rations


   Skills:
 + Level 14.4 Fighting
 + Level 14.1 Short Blades
 + Level 9.6 Axes
 + Level 3.8 Throwing
 * Level 16.9 Armour
 + Level 5.3 Dodging
 + Level 11.4 Shields
 * Level 16.8 Invocations
 + Level 3.8 Evocations


You had 19 spell levels left.
You didn't know any spells.

Dungeon Overview and Level Annotations

Branches:
Dungeon (15/15)            Temple (0/1) D:6            Lair (6/6) D:11
  Swamp (0/4) Lair:2       Spider (4/4) Lair:2        Slime (0/5) Lair:5
    Orc (2/2) D:10            Elf (1/3) Orc:2        Vaults (4/5) D:13
  Crypt (0/3) Vaults:3     Depths (0/5) D:15

Altars:
Dithmenos
Gozag
Hepliaklqana
Kikubaaqudgha
Makhleb
Qazlal
Ru
Uskayaw
Vehumet
Xom
Yredelemnul
The Shining One
Jiyva

Shops:
D:10 :   D:11 *   Orc:2 (!*([   Elf:1 (   Vaults:3 ?

Portals:
Hell: Lair:6

Annotations:
D:11 exclusion: door
Lair:6 exclusion: oklob plant
Vaults:1 Sojobo


Innate Abilities, Weirdness & Mutations

Your body is rotting away.
You thrive on raw meat.
You are immune to poison.
You have sharp fingernails.
You are carnivorous and can eat meat at any time.
Your flesh is cold resistant. (rC+)
You are immune to negative energy. (rN+++)
You regenerate slowly when monsters are visible.
You are immune to unholy pain and torment.
You can survive without breathing.


Message History

Your plate armour prevents you from hitting the vault guard.
You hit the vault warden.
The vault warden hits you with a long sword!
* * * LOW HITPOINT WARNING * * *
You block the ogre mage's attack.
Unknown command.
The vault guard misses you.
The ogre mage hits you but does no damage.
You block the vault warden's attack.
Things that are here:
a great mace; a scale mail The vault guard barely misses you.
The ogre mage barely misses you.
Items here: )) [ † a mace of protection; a ring mail; a giant spiked club; a human corpse You butcher the human corpse.
The runic seals fade away.
The ogre mage hits you but does no damage.
The vault warden hits you with a long sword!!
* * * LOW HITPOINT WARNING * * *
The vault guard hits you with an enchanted great sword.
You die...

.........####...........#
...⌠....## #...........#
.......'#####..##)####..#
#.....##).[##..#.....#
###'####...##..#.....#
##...###[[.##..#.....#
#.....###########+##+#
#.....# #..p)...# #[[_:.#
#..@pO..# ##[..##
#.......# ##### #....>..#
#.......# #.......#
#########


You could see a vault warden, a vault guard and an ogre mage.

Vanquished Creatures
  Mara (Vaults:3)
  A lich (Vaults:4)
  Rupert (Lair:4)
  Kirke (D:15)
  4 tengu reavers
  3 fire giants
  3 emperor scorpions
  3 ghost moths
  3 deep elf sorcerers
  A frost giant (D:15)
  7 vault wardens
  8 ironheart preservers
  4 stone giants (Vaults:3)
  Azrael (D:15)
  A deep elf annihilator (Elf:1)
  2 spark wasps
  A deep elf death mage (Vaults:2)
  A yaktaur captain (Vaults:3)
  2 fire dragons
  An ettin (Vaults:3)
  Snorg (Lair:3)
  12 vault guards
  A rakshasa (Vaults:3)
  3 great orbs of eyes (Vaults:1)
  Harold (D:11)
  4 hydras
  2 ice dragons
  8 ogre magi
  A deep troll earth mage (Vaults:2)
  A death knight (Vaults:1)
  13 death yaks
  7 centaur warriors
  2 dancing weapons (Elf:1)
  A queen ant (Spider:2)
  A vampire mage (Vaults:3)
  Urug (D:12)
  3 deep troll shamans
  7 deep elf knights
  A soul eater (Vaults:3)
  A large abomination (Vaults:2)
  A sun demon (Lair:6)
  2 skeletal warriors
  A sea snake (shapeshifter) (Vaults:3)
  A glowing orange brain (Vaults:1)
  4 deep trolls (Vaults:2)
  10 deep elf archers
  7 wizards
  6 lindwurms
  18 orc knights
  17 ironbrand convokers
  Pikel (D:5)
  9 hill giants
  2 phantasmal warriors
  6 necromancers
  11 orb spiders
  A manticore (D:15)
  3 orc sorcerers
  7 cyclopes
  A shining eye (shapeshifter) (Vaults:1)
  20 deep elf magi
  30 wolf spiders
  A salamander (shapeshifter) (Vaults:1)
  21 ugly things
  A tengu skeleton (Vaults:4)
  5 black mambas
  5 elephants (Lair:4)
  A water nymph (shapeshifter) (Vaults:3)
  A frost giant skeleton (Vaults:4)
  A naga mage (Vaults:4)
  5 moths of wrath
  10 vault sentinels
  Psyche (D:11)
  A smoke demon (Lair:6)
  2 ice statues (IceCv)
  10 spiny frogs
  A yaktaur zombie (Vaults:4)
  A gargoyle (D:13)
  4 freezing wraiths
  A kobold demonologist (D:14)
  A storm dragon simulacrum (Vaults:1)
  6 rime drakes
  2 orange demons (Lair:6)
  A yaktaur (shapeshifter) (Vaults:3)
  24 yaktaurs
  9 demonic crawlers
  6 komodo dragons
  A hellwing (Lair:6)
  3 ice devils (Lair:6)
  An efreet (D:15)
  3 red devils (Lair:6)
  4 tengu conjurers
  A queen bee (Spider:1)
  16 two-headed ogres
  A polar bear (Lair:6)
  5 trolls
  12 hornets
  3 meliai (Spider:1)
  A wolf spider simulacrum (D:15)
  22 jumping spiders
  18 slime creatures
  A meliai zombie (D:15)
  Grinder (D:5)
  8 raiju (Abyss:1)
  4 dream sheep (D:11)
  2 blink frogs (Lair:6)
  A tengu simulacrum (Vaults:4)
  12 hippogriffs
  An air elemental (Elf:1)
  A fire giant simulacrum (Abyss:1)
  A shadow (D:15)
  23 tarantellas
  3 wyverns
  65 redbacks
  2 vampires
  5 humans
  2 wraiths
  A ynoxinul (Abyss:1)
  2 fire elementals (D:15)
  2 hogs (D:15)
  5 hungry ghosts
  An elf skeleton (Vaults:1)
  52 yaks
  3 vampire mosquitoes (D:15)
  A steam dragon (D:7)
  2 neqoxecs (Abyss:1)
  5 basilisks
  12 soldier ants
  4 swamp worms (Lair:2)
  2 mottled dragons
  9 wargs
  A deep troll zombie (Vaults:1)
  3 floating eyes (D:15)
  15 water moccasins
  5 hell hounds
  8 porcupines
  38 orc warriors
  A slave (D:5)
  A human zombie (Vaults:1)
  19 ice beasts
  4 sky beasts
  10 wolves (Lair:3)
  5 boggarts
  3 phantoms
  2 ettin simulacra
  An ogre (shapeshifter) (Vaults:2)
  16 centaurs
  3 necrophages
  46 ogres
  2 small abominations
  10 crocodiles
  A big kobold (D:11)
  18 bullfrogs
  A yaktaur skeleton (Vaults:1)
  A gnoll sergeant (Orc:1)
  A water moccasin zombie (D:5)
  3 scorpions
  12 wights
  16 killer bees
  3 human simulacra
  An orc simulacrum (Vaults:1)
  3 jellies
  3 howler monkeys
  2 electric eels (Lair:2)
  6 crimson imps
  A bullfrog zombie (D:10)
  A quasit (D:14)
  4 centaur zombies
  18 orc priests
  5 hounds
  24 orc wizards
  A bullfrog skeleton (D:4)
  7 centaur skeletons
  Jessica (D:3)
  7 iguanas
  37 worker ants
  A killer bee zombie (D:10)
  3 hound zombies
  3 worker ant zombies
  A hound skeleton (D:4)
  15 gnolls
  2 river rats (D:11)
  15 adders
  6 shadow imps
  A white imp (Abyss:1)
  An ooze (D:3)
  An adder skeleton (D:4)
  2 worms
  4 dart slugs
  6 leopard geckos
  95 orcs
  5 ball pythons
  14 bats
  10 giant cockroaches
  3 hobgoblins
  19 jackals
  9 kobolds
  6 quokkas
  5 goblins
  A leopard gecko skeleton (D:6)
  17 rats
  A butterfly (D:2)
  A plant (Lair:5)
1340 creatures vanquished.

Vanquished Creatures (others)
  Nikola (Spider:2)
  An emperor scorpion (Spider:3)
  5 entropy weavers
  An ice dragon (IceCv)
  A hydra (Lair:2)
  An ogre mage (Vaults:1)
  A deep elf knight (Vaults:1)
  A deep elf mage (Elf:1)
  4 orb spiders
  2 cyclopes
  2 yaktaurs
  A centaur simulacrum (D:15)
  A tarantella (Spider:2)
  3 redbacks (Spider:4)
  A human (D:11)
  A floating eye (D:15)
  3 slaves (D:5)
  An eye of draining (D:15)
  2 ogres
  6 orc warriors (Orc:2)
  A boggart (D:15)
  4 centaurs
  A hornet simulacrum (D:15)
  An orc wizard (Vaults:3)
  A worm (D:5)
  8 orcs
  A quokka (D:5)
  A bush (Lair:3)
  13 fungi
  A lurking horror (Abyss:1)
  11 plants
82 creatures vanquished.

Grand Total: 1422 creatures vanquished

Notes
Turn   | Place    | Note
-------+----------+-------------------------------------------
     0 | Abyss:1  | Gargoyl the Ghoul Abyssal Knight began the quest for the Orb.
     0 | Abyss:1  | Reached XP level 1. HP: 19/19 MP: 1/1
    66 | Abyss:1  | Noticed a large abomination
   213 | Abyss:1  | Noticed a quasit
   224 | Abyss:1  | Noticed a ynoxinul
   228 | D:1      | Escaped the Abyss
   347 | D:1      | Reached XP level 2. HP: 26/26 MP: 2/2
   359 | D:1      | Reached * piety under Lugonu
   582 | D:1      | Reached XP level 3. HP: 31/33 MP: 3/3
  1402 | D:2      | Reached XP level 4. HP: 29/39 MP: 4/4
  1436 | D:2      | Reached ** piety under Lugonu
  1655 | D:2      | Found a shimmering altar of Xom.
  2153 | D:2      | Reached XP level 5. HP: 45/45 MP: 5/5
  2298 | D:3      | Reached XP level 6. HP: 17/52 MP: 7/7
  2430 | D:3      | Noticed Jessica
  2444 | D:3      | Killed Jessica
  2731 | D:4      | Reached skill level 1 in Dodging
  2861 | D:4      | Noticed a phantom
  2930 | D:4      | Reached XP level 7. HP: 14/60 MP: 8/8
  2970 | D:4      | Reached *** piety under Lugonu
  2977 | D:4      | Found a stormy altar of Qazlal.
  3078 | D:4      | Found a burning altar of Makhleb.
  3078 | D:4      | Found a basalt altar of Yredelemnul.
  3079 | D:4      | Found a glowing golden altar of the Shining One.
  3850 | D:4      | Reached skill level 5 in Axes
  3850 | D:4      | Reached XP level 8. HP: 46/67 MP: 10/10
  3880 | D:5      | Entered Level 5 of the Dungeon
  4123 | D:5      | Found a shadowy altar of Dithmenos.
  4140 | D:5      | Noticed Pikel
  4253 | D:4      | HP: 3/67 [gnoll/halberd (5)]
  4255 | D:4      | Reached skill level 5 in Armour
  4477 | D:5      | Noticed Grinder
  4488 | D:5      | Reached skill level 5 in Fighting
  4498 | D:5      | Reached XP level 9. HP: 35/76 MP: 10/13
  4544 | D:5      | Killed Pikel
  4579 | D:5      | Paralysed by Grinder for 3 turns
  4595 | D:5      | Killed Grinder
  4956 | D:6      | Found a staircase to the Ecumenical Temple.
  5245 | D:6      | Reached **** piety under Lugonu
  6018 | D:7      | Identified a scroll of acquirement
  6117 | D:7      | Reached XP level 10. HP: 15/86 MP: 15/15
  6303 | D:7      | Got an encrusted rapier
  6304 | D:7      | Identified the +4 rapier "Yxiwkaif" {venom, SInv} (You found it on level 7 of the Dungeon)
  6889 | D:8      | Found an ancient bone altar of Kikubaaqudgha.
  7108 | D:8      | Reached skill level 1 in Short Blades
  7169 | D:8      | Found a radiant altar of Vehumet.
  7250 | D:8      | Reached ***** piety under Lugonu
  7672 | D:9      | Found a sacrificial altar of Ru.
  8513 | D:10     | Entered Level 10 of the Dungeon
  8689 | D:10     | Reached XP level 11. HP: 50/93 MP: 16/16
  8794 | D:10     | Found Kumer's Book Boutique.
  8824 | D:10     | Found a staircase to the Orcish Mines.
  8930 | D:10     | Found a shimmering altar of Xom.
  8930 | D:10     | Found a shimmering altar of Xom.
  8930 | D:10     | Found a shimmering altar of Xom.
  8930 | D:10     | Found a shimmering altar of Xom.
  8930 | D:10     | Found a shimmering altar of Xom.
  8938 | D:10     | Found a shimmering altar of Xom.
  9191 | D:11     | Reached skill level 1 in Shields
  9221 | D:11     | Noticed a hill giant
  9275 | D:11     | Killed a hill giant
  9362 | D:11     | Noticed a death yak
  9363 | D:11     | Noticed a death yak
  9363 | D:11     | Noticed a death yak
  9363 | D:11     | Noticed a death yak
  9364 | D:11     | Noticed a death yak
  9633 | D:11     | Noticed a purple ugly thing
  9644 | D:11     | Killed a purple ugly thing
  9844 | D:11     | Reached ****** piety under Lugonu
  9893 | D:11     | Found a staircase to the Lair.
  9913 | Lair:1   | Entered Level 1 of the Lair of Beasts
 10099 | D:11     | Reached skill level 5 in Short Blades
 10780 | Lair:2   | Reached skill level 10 in Armour
 10829 | Lair:2   | Reached XP level 12. HP: 58/100 MP: 18/18
 10900 | Lair:2   | Noticed a six-headed hydra
 10914 | Lair:2   | Killed a six-headed hydra
 11158 | Lair:2   | Reached skill level 10 in Invocations
 11206 | Lair:2   | Found a staircase to the Swamp.
 11475 | Lair:2   | Found a hole to the Spider Nest.
 11476 | Lair:2   | Noticed a five-headed hydra
 11492 | Lair:2   | Banished a five-headed hydra
 12140 | Lair:3   | Noticed Snorg
 12157 | Lair:3   | Killed Snorg
 12875 | Lair:4   | Reached XP level 13. HP: 110/110 MP: 19/19
 13080 | Lair:4   | Noticed Rupert
 13121 | Lair:4   | Killed Rupert
 14470 | Lair:5   | Found a viscous altar of Jiyva.
 14471 | Lair:5   | Found a staircase to the Slime Pits.
 14718 | Lair:6   | Entered Level 6 of the Lair of Beasts
 14722 | Lair:6   | Found a frozen archway.
 14737 | IceCv    | Entered an ice cave
 15271 | IceCv    | Noticed an ice dragon
 15272 | IceCv    | Noticed an ice dragon
 15289 | IceCv    | Banished an ice dragon
 15299 | IceCv    | Killed an ice dragon
 15495 | IceCv    | Got a heavily runed brass ring
 15516 | IceCv    | Identified the ring "Xenuuros" {rElec MR+} (You found it in an ice cave)
 15996 | Lair:6   | Reached XP level 14. HP: 96/119 MP: 21/21
 16548 | Lair:6   | Reached skill level 10 in Fighting
 16809 | Lair:6   | Found a burning altar of Makhleb.
 17516 | Lair:6   | Got a vibrating diamond amulet
 17526 | Lair:6   | Found a gateway to Hell.
 17809 | Orc:1    | Entered Level 1 of the Orcish Mines
 17840 | Orc:2    | Entered Level 2 of the Orcish Mines
 18369 | Orc:2    | Found Ekennopa's Armour Emporium.
 18455 | Orc:2    | Bought a +2 helmet of see invisible for 279 gold pieces
 18466 | Orc:2    | Bought a +4 plate armour of fire resistance for 650 gold pieces
 18489 | Orc:2    | Found a staircase to the Elven Halls.
 19090 | Orc:2    | Reached skill level 5 in Shields
 19208 | Orc:2    | Found Waethe's Distillery.
 19208 | Orc:2    | Found Vituiz's Assorted Antiques.
 19212 | Orc:2    | Found Laceh's Weapon Shoppe.
 19214 | Orc:2    | Found Vodul's Antique Weapon Shop.
 19218 | Orc:2    | Bought a potion of heal wounds for 65 gold pieces
 19219 | Orc:2    | Bought a potion of haste for 360 gold pieces
 19559 | D:11     | Found Nuolo's General Store.
 19561 | D:11     | Noticed Psyche
 19575 | D:11     | Killed Psyche
 19888 | D:11     | Reached skill level 10 in Short Blades
 20104 | D:12     | Noticed Harold
 20140 | D:11     | Killed Harold
 20140 | D:11     | Reached XP level 15. HP: 117/128 MP: 23/23
 20195 | D:12     | Noticed Urug
 20229 | D:12     | Killed Urug
 20590 | D:12     | You fall through a shaft for 2 floors!
 20615 | D:14     | Identified the amulet "Ilevih" {Faith *Corrode rPois MP+9} (You took it off a red devil on level 6 of the Lair of Beasts)
 21711 | D:13     | Identified Elealo Zompa's Tome of Evil Feathers
 21941 | D:13     | Found a gate to the Vaults.
 22420 | D:15     | Entered Level 15 of the Dungeon
 22487 | D:15     | Paralysed by a floating eye for 4 turns
 22522 | D:15     | Found a staircase to the Depths.
 22522 | D:15     | Noticed a frost giant
 22540 | D:15     | Killed a frost giant
 22707 | D:15     | Got a smoking turquoise ring
 22709 | D:15     | Identified the ring "Terevoigg" {*Drain rElec rPois Int-2 Stlth-} (You found it on level 15 of the Dungeon)
 22842 | D:15     | Paralysed by a floating eye for 3 turns
 23591 | D:15     | Paralysed by a floating eye for 2 turns
 23604 | D:15     | Got a crude marble ring
 23606 | D:15     | Identified the ring "Jiastromu" {rPois rF+} (You found it on level 15 of the Dungeon)
 23694 | D:15     | Noticed Azrael
 23697 | D:15     | Found a hazy altar of Hepliaklqana.
 23835 | D:15     | Found a hide-covered altar of Uskayaw.
 24085 | D:15     | Reached XP level 16. HP: 74/137 MP: 25/25
 24146 | D:15     | Killed Azrael
 24148 | D:15     | Got a scorched bronze ring
 24349 | D:15     | Noticed Kirke
 24368 | D:15     | Noticed a sphinx
 24379 | D:15     | Killed Kirke
 24409 | D:15     | Identified the ring of Ephemeral Luck {-Tele MR++ Str+4} (You took it off Azrael on level 15 of the Dungeon)
 24421 | D:15     | Noticed a tengu reaver
 24461 | D:15     | Killed a tengu reaver
 24500 | D:15     | Found an opulent altar of Gozag.
 24880 | Elf:1    | Entered Level 1 of the Elven Halls
 25714 | Elf:1    | Found Byvoa's Antique Weapon Shoppe.
 26262 | Spider:1 | Entered Level 1 of the Spider Nest
 28436 | Spider:2 | Reached XP level 17. HP: 124/146 MP: 22/26
 29365 | Spider:2 | Noticed Nikola
 29406 | Spider:2 | Killed Nikola
 29545 | Spider:2 | Reached skill level 15 in Armour
 30657 | Spider:4 | Entered Level 4 of the Spider Nest
 33157 | Spider:4 | Got a gossamer rune of Zot
 33594 | Vaults:1 | Entered Level 1 of the Vaults
 33617 | D:13     | Reached skill level 15 in Invocations
 33748 | Vaults:1 | Reached skill level 5 in Dodging
 33787 | Vaults:1 | Reached XP level 18. HP: 101/155 MP: 28/28
 35663 | Vaults:1 | Reached skill level 10 in Shields
 36104 | Vaults:2 | Noticed Sojobo
 36569 | Vaults:1 | Escaped the Abyss
 37286 | Vaults:2 | Reached XP level 19. HP: 94/163 MP: 29/29
 39707 | Vaults:3 | Noticed Mara
 39711 | Vaults:3 | Noticed Gargoyl's illusion
 39792 | Vaults:3 | Killed Mara
 40029 | Vaults:3 | Identified the Grimoire of the Supportive Oath
 41061 | Vaults:3 | Reached XP level 20. HP: 95/174 MP: 31/31
 41347 | Vaults:3 | Found Ipsey's Magic Scroll Shop.
 41355 | Vaults:3 | Bought a scroll of acquirement for 936 gold pieces
 41355 | Vaults:3 | Bought a scroll of teleportation for 54 gold pieces
 41356 | Vaults:3 | Got a heavily runed cloak
 41367 | Vaults:3 | Identified the +2 cloak of the Endless Expanse {Dex+3} (You acquired it on level 3 of the Vaults)
 42117 | Vaults:3 | Found a staircase to the Crypt.
 42460 | Vaults:4 | Found a radiant altar of Vehumet.
 42460 | Vaults:4 | Noticed a lich
 42469 | Vaults:4 | Killed a lich
 42859 | Vaults:4 | HP: 4/174 [vault warden/long sword (25)]
 42859 | Vaults:4 | Slain by a vault guard

Skill      XL: |  1  2  3  4  5  6  7  8  9 10 11 12 13 14 15 16 17 18 19 20 |
---------------+-------------------------------------------------------------+-----
Armour         | 2 3 4 7 8 9 10 11 12 13 14 15 16 | 16.9
Axes           | 2 3 4 5 6 7 8 9 |  9.6
Fighting       | 4 6 7 8 9 10 11 12 13 14 | 14.4
Invocations    | 3 4 7 8 9 10 11 12 13 14 15 16 | 16.8
Dodging        | 1 3 4 5 |  5.3
Throwing       | 3 |  3.8
Evocations     | 3 |  3.8
Short Blades   | 3 5 7 8 10 11 12 13 14 | 14.1
Shields        | 1 3 4 5 6 8 9 10 11 | 11.4

Action                   |  1- 3 |  4- 6 |  7- 9 | 10-12 | 13-15 | 16-18 | 19-21 || total
-------------------------+-------+-------+-------+-------+-------+-------+-------++-------
Melee: Hand axe          |   113 |   243 |   620 |    37 |       |       |       ||  1013
       Rapier            |       |       |       |  1140 |  2375 |  2785 |  1483 ||  7783
       Broad axe         |       |       |       |       |    80 |   329 |   172 ||   581
Throw: Javelin           |       |       |       |     3 |     6 |    36 |       ||    45
Invok: Depart the Abyss  |     1 |       |       |       |       |     1 |       ||     2
       Banish            |       |       |     1 |     2 |     6 |    16 |     1 ||    26
       Bend Space        |       |       |     1 |     3 |     5 |    13 |     2 ||    24
       Enter the Abyss   |       |       |       |       |       |     1 |       ||     1
Evoke: Wand              |       |       |    10 |     1 |    10 |     1 |     1 ||    23
  Use: Potion            |     2 |       |     7 |       |     6 |     9 |     1 ||    25
       Scroll            |     3 |     4 |     8 |    15 |    28 |    13 |     6 ||    77
 Stab: Distracted        |       |       |       |       |       |     2 |       ||     2
       Held in net/web   |       |       |       |       |       |     1 |       ||     1
  Eat: Chunk             |    10 |    22 |    39 |   158 |   203 |   305 |   179 ||   916
Armor: Plate armour      |   142 |   210 |   443 |  1011 |  1969 |  2131 |   913 ||  6819
Dodge: Dodged            |    30 |    73 |   165 |   531 |  1026 |  1205 |   564 ||  3594
Block: Buckler           |       |       |       |   286 |  1077 |  1458 |   766 ||  3587
       Reflection        |       |       |       |       |    83 |    45 |    46 ||   174
